 Dungeon Crawl Stone Soup version 0.27-a0-720-g3f424a255b (webtiles) character file.

Game seed: 16948252241520288792

200 PentaManta the Ruffian (level 5, -4/41 HPs)
             Began as a Ghoul Warper on Mar 23, 2021.
             Was an Initiate of Okawaru.
             Slain by a hound (5 damage)
             ... on level 5 of the Dungeon.
             The game lasted 00:09:11 (3696 turns).

PentaManta the Ruffian (Ghoul Warper)               Turns: 3696, Time: 00:09:11

Health: -4/41      AC:  5    Str: 16    XL:     5   Next: 78%
Magic:  2/8        EV: 11    Int:  8    God:    Okawaru [......]
Gold:   130        SH:  0    Dex:  8    Spells: 7/9 levels left

rFire    + . .     SeeInvis .     - Unarmed
rCold    + . .     Faith    .   (no shield)
rNeg     + + +     Spirit   .   g - +2 leather armour {rF+}
rPois    ∞         Reflect  .   (no helmet)
rElec    .         Harm     .   (no cloak)
rCorr    .         Rampage  .   (no gloves)
Will     .....                  (no boots)
Stlth    +.........             (no amulet)
HPRegen  0.00/turn              e - ring of flight
MPRegen  0.11/turn              (no ring)

@: no status effects
A: claws 1, cold resistance 1, negative energy resistance 3, inhibited
regeneration, torment resistance 2, unbreathing 1
a: Renounce Religion, Evoke Flight


You were on level 5 of the Dungeon.
You worshipped Okawaru.
Okawaru was noncommittal.
You visited 1 branch of the dungeon, and saw 5 of its levels.

You collected 130 gold pieces.

Inventory:

Hand Weapons
 p - a +3 dagger
 q - a +1 hand axe of venom
Missiles
 o - 4 boomerangs (quivered)
 r - 8 poisoned darts
Armour
 g - a +2 leather armour of fire resistance (worn)
Jewellery
 e - a ring of flight (right claw)
Scrolls
 a - a scroll of enchant weapon
 b - 2 scrolls of identify
 c - a scroll of blinking
 i - 2 scrolls of torment {unknown}
 j - a scroll of acquirement {unknown}
 k - a scroll of teleportation {unknown}
 l - a scroll of fog {unknown}
 n - a scroll of amnesia
 s - a scroll of enchant armour {unknown}
 u - a scroll of immolation {unknown}
Potions
 d - a potion of flight {unknown}
 h - 2 potions of attraction
 m - a potion of ambrosia {unknown}


   Skills:
 - Level 2.1 Fighting
 - Level 0.8 Throwing
 - Level 0.8 Armour
 - Level 1.7 Dodging
 + Level 5.0 Unarmed Combat
 + Level 2.7 Spellcasting
 + Level 3.5 Translocations


You had 7 spell levels left.
You knew the following spells:

 Your Spells              Type           Power      Damage    Failure   Level
a - Blink                 Tloc           N/A        N/A       14%         2

Your spell library contained the following spells:

 Spells                   Type           Power      Damage    Failure   Level
 Gell's Gravitas          Tloc           3%         N/A       28%         3
 Lesser Beckoning         Tloc           3%         N/A       28%         3
 Teleport Other           Tloc           6%         N/A       28%         3
 Manifold Assault         Tloc           6%         N/A       67%         4


Dungeon Overview and Level Annotations

Branches:
Dungeon (5/15)
 Temple: D:4-7

Altars:
Nemelex Xobeh
Okawaru

Shops:
D:3 ?

Annotations:
D:4 Edmund


Innate Abilities, Weirdness & Mutations

You thrive by killing the living.
You are immune to poison.
You have sharp fingernails.
Your flesh is cold resistant. (rC+)
You are immune to negative energy. (rN+++)
You do not regenerate when monsters are visible.
You are immune to unholy pain and torment.
You can survive without breathing.


Message History

* * * LOW HITPOINT WARNING * * *
The water moccasin bites you.
* * * LOW HITPOINT WARNING * * *
The water moccasin bites you.
* * * LOW HITPOINT WARNING * * *
Edmund says, "People think my brother is the best.
I think he's crazy."
Okay, then.
Casting: Blink (safe; 14% risk of failure)
Confirm with . or Enter, or press ? or * to list all spells.
You blink.
Found a stone staircase leading down.
Casting: Blink (safe; 14% risk of failure)
Confirm with . or Enter, or press ? or * to list all spells.
You miscast Blink.
You are very lightly contaminated with residual magic.
Nothing appears to happen.
The water moccasin barely misses you. The water moccasin bites you.
* * * LOW HITPOINT WARNING * * *
Casting: Blink (safe; 14% risk of failure)
Confirm with . or Enter, or press ? or * to list all spells.
You blink.
The water moccasin bites you.
* * * LOW HITPOINT WARNING * * *
Your magical contamination has completely faded away.
Casting: Blink (safe; 14% risk of failure)
Confirm with . or Enter, or press ? or * to list all spells.
You blink.
There is a stone staircase leading down here.
You climb downwards.
A hound and 4 orcs come into view.
The orc shouts! x4
Found 2 glowing purple potions and a falchion.
There is a stone staircase leading up here.
Unknown command.
The hound barely misses you. The hound completely misses you.
The hound bites you but does no damage. The hound closely misses you.
The hound bites you.
You die...

#..# ... #..#
...# #..# ....#
###.o###....#
#.o..o.......
#.###........
#o# #<..!....
#h###.......#
#@....#....)#
#.............#
###############


You could see a hound and 2 orcs.

Vanquished Creatures
  A scorpion (D:2)
  A bullfrog skeleton (D:4)
  A worker ant (D:4)
  A gnoll (D:3)
  3 adders
  A worm (D:3)
  A dart slug (D:1)
  7 ball pythons
  4 giant cockroaches
  3 goblins
  6 hobgoblins
  3 jackals (D:3)
  8 kobolds
  3 oozes
  A quokka (D:2)
  5 bats
  2 frilled lizards
  10 rats
61 creatures vanquished.

Notes
Turn   | Place    | Note
-------+----------+-------------------------------------------
     0 | D:1      | PentaManta the Ghoul Warper began the quest for the Orb.
     0 | D:1      | Reached XP level 1. HP: 17/17 MP: 2/2
   142 | D:1      | Reached skill level 3 in Unarmed Combat
   142 | D:1      | Reached XP level 2. HP: 24/24 MP: 3/3
   293 | D:1      | Reached XP level 3. HP: 26/29 MP: 4/4
   639 | D:2      | Noticed a scorpion
   832 | D:3      | Learned a level 2 spell: Blink
  1063 | D:3      | Found Ekuatixke's Magic Scroll Emporium.
  1119 | D:3      | Reached skill level 4 in Unarmed Combat
  1678 | D:3      | Reached XP level 4. HP: 36/36 MP: 5/5
  2201 | D:2      | Found an iron altar of Okawaru.
  2235 | D:2      | Became a worshipper of Warmaster Okawaru
  2493 | D:2      | Reached XP level 5. HP: 41/41 MP: 7/7
  2564 | D:2      | Found a faded altar of an unknown god.
  2575 | D:2      | You fall into a shaft and drop 2 floors!
  2608 | D:5      | Entered Level 5 of the Dungeon
  3200 | D:4      | Reached skill level 5 in Unarmed Combat
  3622 | D:4      | Found a sparkling altar of Nemelex Xobeh.
  3622 | D:4      | Noticed Edmund
  3651 | D:4      | Noticed a water moccasin
  3680 | D:4      | HP: 1/41 [water moccasin (3)]
  3696 | D:5      | Slain by a hound

Illustrated notes

Levels and vault maps discovered:
D:1:      minmay_arrival_four_houses, layout_rooms, minivault_14
D:2:      wad_river_or_something, layout_basic, chequers_ecumenical_altar_grove,
          okawaru_trees_2
D:3:      layout_basic, serial_shops, shop_scrolls, serial_park_tiny_pond,
          chequers_avenue
D:4:      layout_loops_corners, nemelex_xobeh_ov_fountains_minmay,
          lemuel_doored_altar, uniq_edmund
D:5:      layout_loops_ring, led_xom_imps, kennysheep_generic_room_14,
          uniq_eustachio

Skill      XL: |  1  2  3  4  5 |
---------------+----------------+-----
Unarmed Combat | 3 4 5 |  5.0
Spellcasting   | 2 |  2.7
Translocations | 3 |  3.5
Fighting       | |  2.1
Throwing       | |  0.8
Armour         | |  0.8
Dodging        | |  1.7

Action                   |  1- 3 |  4- 6 || total
-------------------------+-------+-------++-------
Melee: Unarmed           |    96 |   116 ||   212
       Punch             |     1 |     1 ||     2
Throw: Boomerang         |     5 |     1 ||     6
       Throwing net      |       |     1 ||     1
 Cast: Blink             |     1 |     5 ||     6
  Use: Scroll            |     6 |       ||     6
       Potion            |       |     2 ||     2
Armor: Leather armour    |    30 |    39 ||    69
Dodge: Dodged            |    59 |    73 ||   132

Table legend: (Time is in decaauts)
 A = Elapsed time spent in this place.
 B = Non-inter-level travel time spent in this place.
 C = Inter-level travel time spent in this place.
 D = Time resting spent in this place.
 E = Time spent auto-exploring this place.
 F = Levels seen in this place.
 G = Mean time per level.
                   A        B        C        D        E       F      G
               +--------+--------+--------+--------+--------+-----+--------+
         Total |   3691 |   3449 |    242 |    359 |   2420 |   5 |  738.2 |
       Dungeon |   3691 |   3449 |    242 |    359 |   2420 |   5 |  738.2 |
               +--------+--------+--------+--------+--------+-----+--------+

Top non-repeatable levels by time:
     D:3: 1723 daAuts
     D:2: 866 daAuts
     D:1: 639 daAuts
     D:4: 440 daAuts
     D:5: 21 daAuts
